 Dungeon Crawl Stone Soup version 0.31-a0-237-g2d982f9f85 (webtiles) character file.

Game seed: 9045122146739504498

40 qw the Shooter (level 3, -7/21 HPs)
             Began as a Gargoyle Hexslinger on July 11, 2023.
             Mangled by Sigmund
             ... wielding a +3 scythe
              (8 damage)
             ... on level 2 of the Dungeon.
             The game lasted 00:00:28 (1155 turns).

qw the Shooter (Gargoyle Hexslinger)                Turns: 1155, Time: 00:00:29

Health: -7/21      AC:  5    Str: 11    XL:     3   Next: 50%
Magic:  4/4        EV: 12    Int: 13    God:
Gold:   81         SH:  0    Dex: 14    Spells: 3/4 levels left

rFire   . . .        Y - +1 sling
rCold   . . .        (no shield)
rNeg    + . .        c - +0 robe
rPois   inf          (no helmet)
rElec   +            (no cloak)
rCorr   .            (no gloves)
SInv    .            (no boots)
Will    .....        (no amulet)
Stlth   +            (no ring)
HPRegen 0.23/turn    (no ring)
MPRegen 0.09/turn

%: no passive effects
@: about to teleport
A: sickness immunity, AC +3, negative energy resistance 1, electricity
resistance, torment resistance 1, petrification resistance
a: no special abilities


You were on level 2 of the Dungeon.
You visited 1 branch of the dungeon, and saw 2 of its levels.

You collected 81 gold pieces.


Innate Abilities, Weirdness & Mutations

You are immune to sickness and miasma.
Your stone body is resilient. (AC +3)
You are immune to poison.
You resist negative energy. (rN+)
You are resistant to electric shocks. (rElec)
You are resistant to unholy torment.
You are immune to petrification.


   Skills:
 - Level 2.0 Fighting
 + Level 3.4 Ranged Weapons
 - Level 1.5 Dodging
 - Level 1.0 Spellcasting
 - Level 2.6 Hexes


You had 3 spell levels left.
You knew the following spells:

 Your Spells              Type           Power      Damage    Failure   Level
a - Slow                  Hex            28%        N/A       10%         1

Your spell library contained the following spells:

 Spells                   Type           Power      Damage    Failure   Level
 Inner Flame              Hex/Fire       4%         N/A       43%         3
 Portal Projectile        Hex/Tloc       8%         N/A       43%         3
 Cause Fear               Hex            3%         N/A       67%         4

Inventory:

Hand Weapons
 Y - a +1 sling (weapon)
Armour
 b - a +0 leather armour
 c - a +0 robe (worn)
Jewellery
 i - a +4 ring of slaying {mikee}
Scrolls
 e - 2 scrolls of fear {unknown}
 g - a scroll of silence {unknown}
 h - 2 scrolls of teleportation
 j - a scroll of blinking {unknown}
 l - a scroll of fog {unknown}
Potions
 a - a potion of heal wounds {unknown}
 d - 2 potions of degeneration {unknown}
 f - a potion of magic {unknown}
 k - a potion of curing {unknown}

Dungeon Overview and Level Annotations

Branches:
Dungeon (2/15)

Altars:
Zin

Annotations:
D:2 Sigmund


Message History

Sigmund closely misses you.
You shoot a sling bullet. The sling bullet hits Sigmund.
Sigmund is lightly wounded.
Sigmund hits you from afar with a +3 scythe.
You shoot a sling bullet. The sling bullet hits Sigmund.
Sigmund is lightly wounded.
Sigmund hits you from afar with a +3 scythe!
Enter note:
Enter note:
Enter note:
Enter note:
Enter note:
Enter note:
Enter note:
Enter note:
Enter note:
1153 ||| READING 3 scrolls of teleportation.
As you read the scroll of teleportation, it crumbles to dust.
You feel strangely unstable. Sigmund casts a spell at you.
The puff of flame hits you.
Enter note:
Enter note:
Enter note:
Enter note:
Enter note:
Enter note:
Enter note:
Enter note:
Enter note:
Enter note:
Enter note:
Enter note:
Enter note:
Enter note:
Enter note:
1155 ||| UPGRADING to +0 leather armour.
Sigmund hits you from afar with a +3 scythe!
You stop removing your armour.
You die...

#..###.##.## ##.#.####
#..# #.##.# #.#.# #..#
#.##.# #(#.#
########..###.##.# #.#.#
..............##.# #.#.#
#########.##..##.######.
)...# # #.##...........#
#.### # #.##.###.######.
# #.##.###@# #..!.....#
####.....@......
#############


You could see Sigmund.

Vanquished Creatures
  A worm (D:2)
  3 dart slugs
  3 endoplasms (D:1)
  2 giant cockroaches
  3 goblins (D:1)
  4 hobgoblins (D:1)
  2 kobolds (D:1)
  A quokka (D:1)
  2 ball pythons
  A bat (D:2)
  A frilled lizard (D:1)
  8 rats
31 creatures vanquished.

Notes
Turn   | Place    | Note
-------+----------+-------------------------------------------
     0 | D:1      | qw the Gargoyle Hexslinger began the quest for the Orb.
     0 | D:1      | Reached XP level 1. HP: 12/12 MP: 2/2
     0 | D:1      | 0 ||| qw: Version: 0.3-a-52-g30416fa
     0 | D:1      | 0 ||| qw: Game counter: 5578
     0 | D:1      | 0 ||| qw: Melee chars always use a shield: true
     0 | D:1      | 0 ||| qw: God list: Okawaru
     0 | D:1      | 0 ||| qw: Allow faded altars: false
     0 | D:1      | 0 ||| qw: Do Orc after clearing Dungeon:15 true
     0 | D:1      | 0 ||| qw: Do second Lair branch before Depths: true
     0 | D:1      | 0 ||| qw: Lair rune preference: random
     0 | D:1      | 0 ||| qw: Goals: Normal
     0 | D:1      | 0 ||| PLANNING D:1-11
    96 | D:1      | Reached XP level 2. HP: 11/16 MP: 3/3
   277 | D:1      | Reached skill level 3 in Ranged Weapons
   278 | D:1      | HP: 2/16 [frozen (5)]
   524 | D:1      | 524 ||| Stepping ~*~*~tactically~*~*~ (outnumbered).
   530 | D:1      | Reached XP level 3. HP: 18/21 MP: 4/4
   655 | D:1      | 655 ||| READING scroll labelled NEINLO KELOHIL.
   658 | D:1      | 658 ||| READING scroll labelled QETUMU BATOVA.
   659 | D:1      | 659 ||| DROPPING scroll of poison.
   886 | D:2      | Found a glowing silver altar of Zin.
  1145 | D:2      | Noticed Sigmund
  1152 | D:2      | HP: 5/21 [Sigmund/+3 scythe (10)]
  1153 | D:2      | 1153 ||| READING 3 scrolls of teleportation.
  1153 | D:2      | HP: 1/21 [Sigmund/puff of flame (5)]
  1155 | D:2      | 1155 ||| UPGRADING to +0 leather armour.
  1155 | D:2      | Mangled by Sigmund

Levels and vault maps discovered:
D:1:      dpeg_arrival_round_a, layout_basic, kennysheep_another_room,
          hex_medium
D:2:      layout_loops_ring, basic_altar, chequers_jeans, uniq_sigmund

Skill      XL: |  1  2  3 |
---------------+----------+-----
Ranged Weapons | 3 |  3.4
Fighting       | 2 |  2.0
Dodging        | |  1.5
Spellcasting   | |  1.0
Hexes          | |  2.6

Action                     || total
---------------------------++-------
   Fire: Sling             ||   119
    Use: Scroll            ||     3
 Armour: Robe              ||    22
  Dodge: Dodged            ||    35

Table legend:
 A = Non-vault XP
 B = Vault XP
 C = Vault XP percentage of total XP
 D = Non-vault monster count
 E = Vault monster count
 F = Vault count percentage of total count
                 A         B        C        D         E       F
            +---------+---------+-------+---------+---------+-------
      Total |      58 |       0 |   0.0 |      31 |       0 |   0.0
            +---------+---------+-------+---------+---------+-------
        D:1 |      43 |       0 |   0.0 |      24 |       0 |   0.0
        D:2 |      15 |       0 |   0.0 |       7 |       0 |   0.0
            +---------+---------+-------+---------+---------+-------
